 Dungeon Crawl Stone Soup version 0.21.1-1-g345015f (webtiles) character file.

6543 nightchill the Cleaver (level 11, -2/120 HPs)
             Began as a Formicid Fighter on Apr 4, 2018.
             Was a Believer of Uskayaw.
             Slain by an eight-headed hydra (9 damage)
             ... on level 1 of the Lair of Beasts.
             The game lasted 00:41:33 (10053 turns).

nightchill the Cleaver (Formicid Fighter)          Turns: 10053, Time: 00:41:33

Health: -2/120     AC: 25    Str: 24    XL:     11   Next: 20%
Magic:  13/16      EV:  2    Int:  8    God:    Uskayaw [**....]
Gold:   538        SH: 11    Dex: 12    Spells: 10/10 levels left

rFire    . . .     SeeInvis .   Q - +1 flail (holy)
rCold    . . .     Gourm    .   c - +0 shield
rNeg     + + +     Faith    .   (armour currently unavailable)
rPois    +         Spirit   .   (helmet unavailable)
rElec    .         Reflect  .   (cloak currently unavailable)
rCorr    .         Harm     .   (gloves currently unavailable)
MR       ++...                  (boots currently unavailable)
Stlth    +.........             (no amulet)
HPRegen  0.30/turn              x - ring of protection from magic
MPRegen  0.15/turn              B - ring of flight

@: tree-form
A: permanent stasis, dig shafts and tunnels, four strong arms, agile 1, frail 1,
subdued magic 1
a: Stomp, Line Pass, Renounce Religion


You were on level 1 of the Lair of Beasts.
You worshipped Uskayaw.
Uskayaw was noncommittal.
You were very hungry.
You were a tree.
You visited 3 branches of the dungeon, and saw 13 of its levels.
You also visited: Sewer and Ossuary.

You collected 538 gold pieces.

Inventory:

Hand Weapons
 a - a +0 war axe
 b - a +1 hunting sling
 e - a cursed -3 hunting sling
 C - a +3 battleaxe of freezing
 Q - a +1 flail of holy wrath (weapon)
Missiles
 g - 313 stones
 k - 5 tomahawks of returning
 t - 7 javelins
 H - 15 tomahawks (quivered)
Armour
 c - a +0 shield (worn)
 z - a +1 pair of boots (melded)
 G - a scarf of repulsion (melded)
 I - a +0 cloak
 J - a +2 chain mail of fire resistance (melded)
 K - the +1 cloak of the Princeling {*Slow +Inv rN+ Stlth+}
   (You found it on level 8 of the Dungeon)

   It protects you from negative energy.
   It lets you turn invisible.
   It may slow you when you take damage.
   It makes you more stealthy.
Jewellery
 i - an uncursed ring of wizardry
 x - a ring of protection from magic (left branch)
 B - a ring of flight (right branch)
 F - a +2 ring of intelligence
 N - an uncursed ring of positive energy {unknown}
Wands
 q - a wand of paralysis (15)
 L - a wand of digging (15)
 O - a wand of enslavement (16)
Scrolls
 d - 4 scrolls of amnesia
 h - a scroll of vulnerability {unknown}
 l - 2 scrolls of fear
 n - 2 scrolls of magic mapping
 p - a scroll of enchant armour
 y - 2 scrolls of enchant weapon
 A - 6 scrolls of remove curse
 M - a scroll of immolation
Potions
 m - 4 potions of flight
 o - 2 potions of curing
 r - a potion of brilliance {unknown}
 v - 3 potions of lignification
 w - 2 potions of resistance
 E - a potion of berserk rage
 P - a potion of magic
Books
 s - a book of Cantrips

   Spells                             Type                      Level
   a - Confusing Touch                Hexes                        1
   b - Animate Skeleton               Necromancy                   1
   c - Summon Small Mammal            Summoning                    1
   d - Apportation                    Translocation                1
 u - a book of Clouds

   Spells                             Type                      Level
   a - Poisonous Vapours              Poison/Air                   2
   b - Mephitic Cloud                 Conjuration/Poison/Air       3
   c - Conjure Flame                  Conjuration/Fire             3
   d - Freezing Cloud                 Conjuration/Ice/Air          6
   e - Ring of Flames                 Charms/Fire                  7
 D - a book of Callings

   Spells                             Type                      Level
   a - Summon Small Mammal            Summoning                    1
   b - Call Imp                       Summoning                    2
   c - Call Canine Familiar           Summoning                    3
   d - Summon Guardian Golem          Hexes/Summoning              3
   e - Summon Lightning Spire         Summoning/Air                4
   f - Summon Ice Beast               Ice/Summoning                4
Comestibles
 f - 22 rations
 j - a chunk of flesh


   Skills:
 + Level 9.1 Fighting
 * Level 11.0 Axes
 + Level 4.8 Armour
 + Level 8.5 Shields
 + Level 7.5 Invocations


You had 10 spell levels left.
You didn't know any spells.

Dungeon Overview and Level Annotations

Branches:
Dungeon (11/15)            Temple (1/1) D:5            Lair (1/6) D:8
    Orc: D:9-12

Altars:
Ashenzari
Cheibriados
Dithmenos
Elyvilon
Fedhas
Gozag
Kikubaaqudgha
Nemelex Xobeh
Okawaru
Sif Muna
Uskayaw
Xom
Zin
The Shining One

Shops:
D:8 (

Annotations:
D:10 Fannar


Innate Abilities, Weirdness & Mutations

You cannot be hasted, slowed, berserked, paralysed or teleported.
You can dig through walls and to a lower floor.
Your four strong arms can wield two-handed weapons with a shield.
((You have a pair of large antennae on your head. (SInv)))
You are agile. (Dex +2)
You are frail. (-10% HP)
Your spells are a little easier to cast, but a little less powerful.


Message History

* * * LOW HITPOINT WARNING * * *
The eight-headed hydra bites you but does no damage. x2
You block the eight-headed hydra's attack.
The eight-headed hydra bites you but does no damage. x4
You sock the eight-headed hydra!
The eight-headed hydra is severely wounded.
The eight-headed hydra bites you but does no damage. x3
You block the eight-headed hydra's attack.
The eight-headed hydra bites you but does no damage. x2
You block the eight-headed hydra's attack.
The eight-headed hydra bites you but does no damage.
You stomp with the beat, sending a shockwave through the revelers around you!
The plant is heavily damaged.
The eight-headed hydra is almost dead.
You are feeling very hungry.
The eight-headed hydra bites you but does no damage. x2
You block the eight-headed hydra's attack. x2
The eight-headed hydra bites you but does no damage. x3
The eight-headed hydra bites you!
You die...

#####
...##
..$# {
##PD# {{
#.♣#
##.##
#..#
##..##
##....#
#P....##
##.....#
#....##
##....#


You could see an eight-headed hydra.

Vanquished Creatures
  The ghost of lyrx the Destroyer, a novice DsCj of Vehumet (D:9)
  Joseph (D:10)
  A spiny frog (Lair:1)
  A gargoyle (D:10)
  A hornet (D:9)
  A hippogriff (Lair:1)
  3 yaks (D:10)
  2 wargs (D:8)
  Edmund (D:5)
  2 water moccasins
  A porcupine (Lair:1)
  Purgy (Sewer)
  3 orc warriors
  2 ogres
  A phantom (D:8)
  3 centaurs
  3 bullfrogs
  A gnoll sergeant (D:7)
  5 water moccasin zombies
  3 scorpions
  9 wights
  A howler monkey (D:5)
  8 crimson imps
  7 hounds
  A bullfrog zombie (D:7)
  5 jellies
  6 orc priests
  A centaur skeleton (D:5)
  A bullfrog skeleton (D:6)
  An iguana (D:10)
  5 orc wizards
  4 worker ants
  4 big kobold zombies (Ossuary)
  A hound zombie (D:9)
  2 mummies (Ossuary)
  10 gnolls
  A worker ant zombie (D:5)
  15 adders
  A river rat (D:5)
  3 shadow imps
  6 oozes
  An adder skeleton (D:8)
  6 adder zombies (Ossuary)
  4 worms
  A dart slug (D:3)
  5 leopard geckos
  21 orcs
  A ball python (D:2)
  6 giant cockroaches
  2 gnoll zombies (Ossuary)
  7 goblins
  8 hobgoblins
  11 kobolds
  3 quokkas
  9 bats
  5 frilled lizards
  5 hobgoblin zombies (Ossuary)
  A jackal skeleton (D:4)
  3 kobold zombies (Ossuary)
  4 orc zombies (Ossuary)
  A quokka skeleton (D:8)
  14 rats
  A plant (Lair:1)
248 creatures vanquished.

Notes
Turn   | Place    | Note
-------+----------+-------------------------------------------
     0 | D:1      | nightchill the Formicid Fighter began the quest for the Orb.
     0 | D:1      | Reached XP level 1. HP: 18/18 MP: 1/1
   142 | D:1      | Reached XP level 2. HP: 24/24 MP: 2/2
   621 | D:1      | Reached XP level 3. HP: 30/30 MP: 3/3
   765 | D:2      | Reached skill level 3 in Axes
  1081 | D:2      | Reached XP level 4. HP: 33/37 MP: 4/4
  1535 | D:2      | Reached skill level 4 in Axes
  1753 | D:2      | Reached XP level 5. HP: 42/42 MP: 5/5
  1870 | D:2      | Found a shimmering altar of Xom.
  2949 | D:4      | Reached skill level 5 in Axes
  2949 | D:4      | Reached XP level 6. HP: 29/50 MP: 6/6
  3089 | D:4      | Noticed an ogre
  3097 | D:4      | Killed an ogre
  3097 | D:4      | Reached skill level 5 in Fighting
  3340 | D:4      | Found a sparkling altar of Nemelex Xobeh.
  3373 | D:5      | Entered Level 5 of the Dungeon
  3373 | D:5      | Noticed Edmund
  3380 | D:5      | Killed Edmund
  3380 | D:5      | Reached skill level 6 in Axes
  3380 | D:5      | Reached XP level 7. HP: 47/56 MP: 7/7
  3386 | D:5      | Found a staircase to the Ecumenical Temple.
  3405 | Temple   | Entered the Ecumenical Temple
  3465 | Temple   | Became a worshipper of Uskayaw the Reveler
  3522 | D:5      | Reached * piety under Uskayaw
  3574 | D:5      | Reached ** piety under Uskayaw
  3853 | D:5      | Reached *** piety under Uskayaw
  3854 | D:5      | Reached skill level 1 in Invocations
  3854 | D:5      | Reached **** piety under Uskayaw
  3860 | D:5      | Found a glowing drain.
  3861 | D:5      | Reached ***** piety under Uskayaw
  3926 | D:5      | Reached XP level 8. HP: 62/64 MP: 9/9
  3946 | Sewer    | Entered a sewer
  3963 | Sewer    | Noticed Purgy
  3978 | Sewer    | Killed Purgy
  4424 | D:5      | Reached skill level 7 in Axes
  4606 | D:6      | Found a shattered altar of Ashenzari.
  5132 | D:6      | Found a white marble altar of Elyvilon.
  5290 | D:6      | Reached skill level 5 in Shields
  5671 | D:7      | Reached XP level 9. HP: 62/71 MP: 11/11
  5728 | D:7      | Reached skill level 8 in Axes
  6067 | D:7      | You fall through a shaft for 3 floors!
  6067 | D:10     | Entered Level 10 of the Dungeon
  6164 | D:10     | Noticed Fannar
  6377 | D:8      | Found a sand-covered staircase.
  6624 | Ossuary  | Entered an ossuary
  6652 | Ossuary  | Reached skill level 9 in Axes
  6652 | Ossuary  | Reached skill level 5 in Invocations
  6947 | D:8      | Reached XP level 10. HP: 56/80 MP: 7/14
  7085 | D:9      | Noticed lyrx's ghost (novice DsCj)
  7127 | D:9      | Killed lyrx's ghost
  7127 | D:9      | Reached skill level 10 in Axes
  7565 | D:8      | Found a staircase to the Lair.
  7634 | D:8      | Got a slimy cloak
  7645 | D:8      | Identified the +1 cloak of the Princeling {*Slow +Inv rN+ Stlth+} (You found it on level 8 of the Dungeon)
  7657 | D:8      | Found a snail-covered altar of Cheibriados.
  7945 | D:8      | Found a shadowy altar of Dithmenos.
  7990 | D:8      | Found Zashriy's Weapon Boutique.
  8346 | D:9      | Gained mutation: Your spells are a little easier to cast, but a little less powerful. [potion of mutation]
  8346 | D:9      | Gained mutation: You are frail. (-10% HP) [potion of mutation]
  8346 | D:9      | Gained mutation: You are agile. (Dex +2) [potion of mutation]
  8903 | D:10     | HP: 3/73 [Fannar/quarterstaff of freezing (2)]
  8904 | D:10     | You fall through a shaft!
  9229 | D:10     | Noticed Joseph
  9240 | D:10     | Killed Joseph
  9480 | D:10     | Noticed a gargoyle
  9483 | D:10     | Reached XP level 11. HP: 77/78 MP: 16/16
  9864 | Lair:1   | Entered Level 1 of the Lair of Beasts
  9988 | Lair:1   | Reached skill level 11 in Axes
 10044 | Lair:1   | Noticed a seven-headed hydra
 10051 | Lair:1   | HP: 6/120 [eight-headed hydra (7)]
 10053 | Lair:1   | Slain by an eight-headed hydra

Skill      XL: |  1  2  3  4  5  6  7  8  9 10 11 |
---------------+----------------------------------+-----
Axes           | 3 4 5 6 7 9 10 11 | 11.0
Fighting       | 4 5 6 7 8 9 |  9.1
Invocations    | 1 3 5 7 |  7.5
Shields        | 4 5 6 8 |  8.5
Armour         | 4 |  4.8

Action                   |  1- 3 |  4- 6 |  7- 9 | 10-12 || total
-------------------------+-------+-------+-------+-------++-------
Melee: War axe           |    81 |   165 |   283 |       ||   529
       Battleaxe         |       |       |   149 |   144 ||   293
       Flail             |       |       |       |     5 ||     5
Throw: Stone             |       |     2 |     1 |     2 ||     5
       Tomahawk          |       |       |       |    11 ||    11
Invok: Line Pass         |       |       |     2 |       ||     2
       Stomp             |       |       |     9 |     3 ||    12
 Abil: Dig               |       |     5 |     4 |     3 ||    12
       Shaft Self        |       |       |       |     1 ||     1
  Use: Scroll            |       |     9 |     9 |     1 ||    19
       Potion            |       |     1 |     2 |    15 ||    18
 Stab: Paralysed         |       |       |    12 |    12 ||    24
  Eat: Chunk             |     1 |     8 |    13 |     5 ||    27
       Ration            |       |       |       |     2 ||     2
Armor: Scale mail        |    28 |    55 |    64 |       ||   147
       Chain mail        |       |       |   126 |    55 ||   181
       Skin              |       |       |    11 |    33 ||    44
Dodge: Dodged            |    27 |    55 |   115 |    33 ||   230
       Deflected         |       |       |     5 |     4 ||     9
Block: Shield            |    37 |    81 |   209 |    95 ||   422
